 Dungeon Crawl Stone Soup version 0.30.1-3-gfc49f6343a (webtiles) character file.

Game seed: 4713675420800142636

180163 Cheops the Peltast (level 17, -10/131 HPs)
             Began as a Minotaur Fighter on July 19, 2023.
             Was the Champion of Ru.
             Mangled by a nagaraja
             ... wielding a +0 club
              (11 damage)
             ... on level 2 of the Snake Pit.
             The game lasted 02:17:01 (36985 turns).

Cheops the Peltast (Minotaur Fighter)              Turns: 36985, Time: 02:17:02

Health: -10/131    AC: 26    Str: 33      XL:     17   Next: 63%
Magic:  13/25      EV:  5    Int:  1 (3)  God:    Ru [******]
Gold:   2218       SH: 37    Dex: 15      Spells: 16/16 levels left

rFire   . . .        a - +2 eveningstar (heavy)
rCold   + . .        M - +10 tower shield of Ignorance {rN+ Int-4}
rNeg    + . .        f - +0 plate armour
rPois   .            j - +0 hat {Stlth+}
rElec   .            H - +2 cloak {Stlth+}
rCorr   .            N - +0 pair of gloves
SInv    +            C - +1 pair of boots {rampage}
Will    +....        I - amulet of the Pariah {Reflect rC+ SH+5} Stlth
                     Z - +6 ring of strength
HPRegen 0.41/turn    O - ring of the Castellan {Drain MP+9 Dex+5 SInv}
MPRegen 0.19/turn

%: reflection, rampage
@: lethally poisoned (-10 -> -65), slowed, constricted, very slow
A: horns 2, frail 1, hated by all, inability to train dodging, no earth magic,
no necromancy magic, no transmutations magic, unskilled 1, retaliatory headbutt
a: Renounce Religion, Draw Out Power, Power Leap, Apocalypse


You were on level 2 of the Snake Pit.
You worshipped Ru.
Ru was exalted by your worship.
You visited 4 branches of the dungeon, and saw 24 of its levels.
You also visited: Bailey, Gauntlet and Ice Cave.

You collected 2813 gold pieces.
You spent 595 gold pieces at shops.

Inventory:

Hand Weapons
 a - a +2 heavy eveningstar (weapon)
 b - a +3 demon whip of electrocution
 c - a +2 flail of holy wrath
 d - the +4 whip of Ufo Irue {freeze, rPois rC+}
   (You found it on level 12 of the Dungeon)

   rC:        It protects you from cold.
   rPois:     It protects you from poison.
 X - the +7 lajatang of Order {silver, rMut}
   (You found it on level 1 of the Lair of Beasts)

   rMut:      It protects you from mutation.
Armour
 f - a +0 plate armour (worn)
 j - a +0 hat of stealth (worn)
 A - a +0 kite shield of poison resistance
 C - a +1 pair of boots of rampaging (worn)
 H - a +2 cloak of stealth (worn)
 M - the +10 tower shield of Ignorance (worn) {rN+ Int-4}
   (You found it on level 7 of the Dungeon)

   Int:       It affects your intelligence (-4).
   rN:        It protects you from negative energy.
 N - a +0 pair of gloves (worn)
 S - a +0 buckler of fire resistance
 W - a +1 scale mail of fire resistance
Magical Staves
 Q - a staff of poison
 R - a staff of cold
Jewellery
 h - a +4 ring of protection
 I - the amulet of the Pariah (around neck) {Reflect rC+ SH+5}
   (You found it in a Gauntlet)

   [amulet of reflection]

   It reflects blocked missile attacks.
   rC:        It protects you from cold.
   SH:        It affects your SH (+5).
 L - the amulet of Elemental Vulnerability {rPois rF-- rC-- AC+8}
   (You found it on level 11 of the Dungeon)

   [amulet of nothing]

   AC:        It affects your AC (+8).
   rF:        It makes you very vulnerable to fire.
   rC:        It makes you very vulnerable to cold.
   rPois:     It protects you from poison.
 O - the ring of the Castellan (right hand) {Drain MP+9 Dex+5 SInv}
   (You bought it in a shop on level 13 of the Dungeon)

   [ring of magical power]

   Dex:       It affects your dexterity (+5).
   MP:        It affects your magic capacity (+9).
   SInv:      It lets you see invisible.
   Drain:     It drains your maximum health when unequipped.
 T - a ring of willpower
 Z - a +6 ring of strength (left hand)
Wands
 v - a wand of flame (26)
 z - a wand of roots (10)
 B - a wand of polymorph (20)
 E - a wand of quicksilver (12)
 G - a wand of paralysis (20)
 J - a wand of mindburst (15)
 Y - a wand of digging (10)
Scrolls
 e - 9 scrolls of teleportation
 i - a scroll of fear
 k - 4 scrolls of poison
 p - a scroll of magic mapping
 s - 3 scrolls of blinking
 y - 6 scrolls of fog
 K - 4 scrolls of vulnerability
 P - 2 scrolls of immolation
 U - 9 scrolls of enchant armour
Potions
 g - 8 potions of curing
 l - 4 potions of lignification
 m - 2 potions of berserk rage
 n - 3 potions of might
 o - 7 potions of heal wounds
 q - 4 potions of flight
 r - 2 potions of ambrosia
 t - 5 potions of cancellation
 u - 2 potions of attraction
 w - 3 potions of invisibility
 x - 6 potions of mutation
 F - 4 potions of haste
 V - a potion of resistance
Miscellaneous
 D - a lightning rod (2/4)


   Skills:
 - Level 11.9 Fighting
 - Level 16.0 Maces & Flails
 * Level 17.2 Armour
 + Level 20.5 Shields
 - Level 7.1 Evocations


You had 16 spell levels left.
You didn't know any spells.
Your spell library contained the following spells:

 Spells                   Type           Power      Damage    Failure   Level
 Freeze                   Ice            0%         1d3       99%         1
 Shock                    Conj/Air       0%         1d3       99%         1
 Poisonous Vapours        Pois/Air       0%         N/A       100%        2
 Searing Ray              Conj           0%         2d4       100%        2
 Frozen Ramparts          Ice            0%         1d1       100%        3
 Hailstorm                Conj/Ice       0%         3d3       100%        3
 Inner Flame              Hex/Fire       0%         N/A       100%        3
 Mephitic Cloud           Conj/Pois/Air  0%         N/A       100%        3
 Ozocubu's Armour         Ice            0%         N/A       100%        3
 Portal Projectile        Hex/Tloc       0%         N/A       100%        3
 Swiftness                Air            0%         N/A       100%        3
 Vhi's Electric Charge    Tloc/Air       0%         N/A       100%        3
 Airstrike                Air            0%         2d(0-16)  100%        4
 Flame Wave               Conj/Fire      0%         2d4       100%        4
 Iskenderun's Mystic Bla  Conj/Tloc      0%         2d3       100%        4
 Olgreb's Toxic Radiance  Pois           0%         N/A       100%        4
 Sticky Flame             Conj/Fire      0%         2d3       100%        4
 Arcjolt                  Conj/Air       0%         1d10      100%        5
 Freezing Cloud           Conj/Ice/Air   0%         6-21      100%        5
 Plasma Beam              Fire/Air       0%         2x1d11    100%        6
 Discord                  Hex            0%         N/A       100%        8
 Ignition                 Fire           0%         3d3       100%        8
 Sting                    Tmut/Pois      Unusable   1d3       N/A         1
 Cigotuvi's Dreadful Rot  Necr/Pois/Air  Unusable   N/A       N/A         2
 Ignite Poison            Fire/Tmut/Pois Unusable   N/A       N/A         3
 Tukima's Dance           Hex            Unusable   N/A       N/A         3
 Ice Form                 Ice/Tmut       Unusable   N/A       N/A         4
 Summon Ice Beast         Ice/Summ       Unusable   N/A       N/A         4
 Blade Hands              Tmut           Unusable   N/A       N/A         5
 Simulacrum               Ice/Necr       Unusable   N/A       N/A         6

Dungeon Overview and Level Annotations

Branches:
Dungeon (15/15)            Temple (0/1) D:6            Lair (5/5) D:11
  Swamp (0/4) Lair:2        Snake (2/4) Lair:2        Slime (0/5) Lair:4
    Orc (2/2) D:10            Elf (0/3) Orc:2        Vaults (0/5) D:13
 Depths (0/4) D:15         Bailey (visited)           IceCv (visited)
Gauntlet (visited)

Altars:
Ashenzari
Cheibriados
Dithmenos
Gozag
Kikubaaqudgha
Makhleb
Nemelex Xobeh
Okawaru
Qazlal
Ru
Trog
Vehumet
Xom
The Shining One

Shops:
D:1 !   D:9 =   D:13 *   Orc:2 ([?:


Innate Abilities, Weirdness & Mutations

You have a pair of horns on your head.
You are frail. (-10% HP)
You are hated by all.
You cannot train Dodging skill.
You cannot study or cast Earth magic.
You cannot study or cast Necromancy magic.
You cannot study or cast Transmutations magic.
You are somewhat unskilled. (-1 Apt)
You reflexively headbutt those who attack you in melee.


Message History

You block the naga mage's attack. The naga mage grabs you.
You stop ascending the stairs.
The naga mage constricts you.
You bludgeon the black mamba!! Your headbutt misses the black mamba.
The black mamba is almost dead.
You feel very sick. You block the black mamba's attack.
You block the salamander's attack. The black mamba bites you.
* * * LOW HITPOINT WARNING * * *
You are more poisoned.
The black mamba poisons you! The nagaraja spits poison at you.
The splash of poison hits you.
You are more poisoned.
You have difficulty breathing.
* * * LOW HITPOINT WARNING * * *
You feel yourself slow down.
* * * LOW HITPOINT WARNING * * *
The naga mage spits poison at you.
You block splash of poison... and reflect it back!
The splash of poison hits the naga mage.
The naga mage completely resists.
The naga mage constricts you.
You closely miss the black mamba. You headbutt the black mamba.
You kill the black mamba!
* * * LOW HITPOINT WARNING * * *
You feel extremely sick.
The nagaraja no longer looks unusually toxic.
You block the salamander's attack.
The nagaraja gestures at you while chanting.
The bolt of poison hits you!
You are more poisoned.
* * * LOW HITPOINT WARNING * * *
The bolt of poison hits the anaconda!!!
The anaconda is poisoned.
You block the naga mage's attack. The naga mage constricts you.
* * * LOW HITPOINT WARNING * * *
The salamander hits you from afar with a +0 trident.
* * * LOW HITPOINT WARNING * * *
You are engulfed in flames!
* * * LOW HITPOINT WARNING * * *
The nagaraja hits you with a +0 club!
You die... ..... # .# ... $S.NN

..... #.#.N
##.#^. .. .....
. ##... ... #S#
#@#
......†NN......
.....N.........
.........?.....
..........####.
...........
.........#.#
.........#.#


You could see a nagaraja (fast, blind, slow, catching breath), a salamander, an
anaconda (poisoned) and a naga mage (catching breath).

Vanquished Creatures
  Gastronok (Lair:2)
  An orc warlord (Orc:2)
  A minotaur (Gauntlet)
  Harold (Lair:2)
  Erolcha (D:12)
  An ice dragon (Lair:5)
  Fannar (Lair:1)
  4 vault guards
  9 hydras
  10 anacondas
  6 centaur warriors
  4 catoblepae
  6 boulder beetles
  2 naga warriors (Snake:1)
  2 orc high priests (Orc:2)
  7 two-headed ogres
  The ghost of Farjai the Carver, a novice DsGl of Ashenzari (Orc:1)
  4 death yaks
  A naga sharpshooter (Snake:1)
  A shock serpent (Snake:2)
  Amaemon (D:9)
  4 skysharks
  A deep troll (Orc:1)
  5 sea snakes (Snake:1)
  2 bog bodies (Lair:2)
  2 wizards (D:15)
  4 orange crystal statues (D:7)
  A lindwurm (Lair:5)
  2 naga ritualists (Snake:1)
  2 necromancers
  6 orc knights
  Pikel (D:9)
  4 mana vipers
  2 deep elf zephyrmancers (D:15)
  5 ugly things
  A deep elf pyromancer (D:13)
  3 manticores
  4 orc sorcerers (Orc:2)
  4 cyclopes
  Maurice (D:8)
  19 elephants
  5 salamanders
  A moth of wrath (Orc:1)
  A guardian serpent (Snake:1)
  An ice statue (IceCv)
  3 naga magi
  5 torpor snails
  A centaur zombie (D:15)
  2 molten gargoyles (Gauntlet)
  19 black mambas
  Maggie (D:8)
  2 centaur skeletons (D:15)
  3 gargoyles
  11 cane toads
  An orange demon (D:9)
  15 komodo dragons
  6 rime drakes
  3 freezing wraiths
  An unseen horror (D:13)
  A kobold demonologist (D:13)
  12 ice devils (IceCv)
  2 anaconda simulacra (IceCv)
  9 trolls
  A meliai (D:13)
  9 hornets
  4 tyrant leeches (Lair:5)
  Grinder (D:4)
  2 raiju (Gauntlet)
  4 blink frogs
  Prince Ribbit (D:5)
  9 dream sheep
  9 slime creatures
  3 shadows
  5 wraiths
  5 vampires
  3 dire elephant simulacra (IceCv)
  3 wyverns
  33 yaks
  A fire elemental (Lair:2)
  2 humans (D:7)
  8 vampire mosquitoes (D:12)
  A warg (Orc:2)
  Grum (D:8)
  3 death yak simulacra (IceCv)
  4 basilisks
  2 acid dragons
  18 water moccasins
  12 nagas
  2 hydra simulacra (IceCv)
  2 harpy simulacra (IceCv)
  2 swamp drakes
  6 ice beasts
  A hornet zombie (D:15)
  34 orc warriors
  5 black bears
  The ghost of mwobee the Sneak, an amateur DrDe (D:4)
  13 centaurs
  21 wolves
  7 ogres
  4 kobold brigands
  4 bullfrogs
  2 two-headed ogre simulacra (IceCv)
  A gnoll sergeant (D:10)
  5 scorpions
  2 cane toad simulacra (IceCv)
  4 wights (D:10)
  20 killer bees
  6 elephant simulacra (IceCv)
  5 howler monkeys
  7 electric eels
  A crimson imp (D:8)
  2 jellies
  4 hounds
  19 orc priests
  An iron imp (D:9)
  2 gnoll boudas
  15 iguanas
  5 polar bear simulacra (IceCv)
  Natasha (thrice) (D:4)
  19 orc wizards
  7 hell rats (Lair:3)
  A statue (D:3)
  2 lightning spires (Gauntlet)
  4 wolf simulacra (IceCv)
  15 gnolls
  6 adders
  A naga simulacrum (IceCv)
  A shadow imp (D:7)
  A white imp (IceCv)
  3 ufetubi
  2 worms
  3 dart slugs
  126 orcs
  5 endoplasms
  2 giant cockroaches
  10 goblins
  9 hobgoblins
  20 kobolds
  5 quokkas
  7 ball pythons
  8 bats
  17 frilled lizards
  9 rats
876 creatures vanquished.

Vanquished Creatures (others)
  A cyclops (D:15)
  A black mamba (Lair:5)
  A torpor snail (Lair:5)
  A blink frog (Lair:2)
  A steam dragon (D:8)
  A human (D:5)
  2 orc wizards
  A white imp (IceCv)
  An ufetubus (D:6)
  6 orcs
  2 frilled lizards (Lair:2)
  A kobold (D:9)
19 creatures vanquished.

Grand Total: 895 creatures vanquished

Notes
Turn   | Place    | Note
-------+----------+-------------------------------------------
     0 | D:1      | Cheops the Minotaur Fighter began the quest for the Orb.
     0 | D:1      | Reached XP level 1. HP: 19/19 MP: 0/0
   326 | D:1      | Reached XP level 2. HP: 25/26 MP: 1/1
   561 | D:1      | Found Umiogreupp's Distillery.
   854 | D:1      | Reached XP level 3. HP: 31/31 MP: 2/2
  1239 | D:2      | Reached skill level 5 in Maces & Flails
  1239 | D:2      | Reached XP level 4. HP: 21/39 MP: 3/3
  1352 | D:2      | Found a sacrificial altar of Ru.
  1391 | D:2      | Became a worshipper of Ru the Awakened
  1865 | D:3      | Reached XP level 5. HP: 25/45 MP: 2/4
  2009 | D:3      | Found an opulent altar of Gozag.
  2009 | D:3      | Found a glowing golden altar of the Shining One.
  2160 | D:3      | Found a radiant altar of Vehumet.
  2160 | D:3      | Noticed a frost-covered statue
  2578 | D:4      | Gained mutation: You cannot train Dodging skill. [Ru
                  | sacrifice]
  2578 | D:4      | Reached * piety under Ru
  2583 | D:4      | Noticed Grinder
  2599 | D:4      | Killed Grinder
  2600 | D:4      | Reached XP level 6. HP: 37/51 MP: 3/5
  3114 | D:4      | Noticed mwobee's ghost (amateur DrDe)
  3130 | D:4      | Found a runed translucent gate.
  3130 | D:4      | Found a runed translucent gate.
  3130 | D:4      | Found a runed translucent gate.
  3251 | D:4      | Noticed Natasha
  3261 | D:4      | Killed Natasha
  3274 | D:4      | Noticed Natasha
  3689 | D:4      | Reached XP level 7. HP: 57/57 MP: 6/6
  4039 | D:4      | Killed Natasha
  4302 | D:5      | Entered Level 5 of the Dungeon
  4404 | D:4      | Noticed Natasha
  4408 | D:4      | Killed Natasha
  4409 | D:4      | Reached skill level 5 in Armour
  4495 | D:5      | Found an ancient bone altar of Kikubaaqudgha.
  4508 | D:5      | Noticed a human
  4509 | D:5      | Killed a human
  4678 | D:5      | Reached skill level 10 in Maces & Flails
  4679 | D:5      | Noticed Prince Ribbit
  4708 | D:5      | Killed Prince Ribbit
  4709 | D:5      | Reached XP level 8. HP: 58/64 MP: 7/7
  4868 | D:5      | Found a hazy altar of Hepliaklqana.
  5024 | D:6      | Identified the +1 leather armour "Muamoley" {Will+ Int+3
                  | Dex+2}
  5128 | D:6      | Gained mutation: You are hated by all. [Ru sacrifice]
  5128 | D:6      | Reached ** piety under Ru
  5128 | D:6      | Reached *** piety under Ru
  5270 | D:6      | Found a staircase to the Ecumenical Temple.
  5356 | D:6      | Found a sacrificial altar of Ru.
  5634 | D:7      | Found a flagged portal.
  5750 | Bailey   | Entered a bailey
  6163 | Bailey   | Noticed an orc knight
  6249 | Bailey   | Noticed an orc knight
  6271 | Bailey   | Killed an orc knight
  6272 | Bailey   | Reached XP level 9. HP: 37/70 MP: 5/8
  6275 | Bailey   | Noticed an orc knight
  6300 | Bailey   | Killed an orc knight
  6306 | Bailey   | Killed an orc knight
  6519 | D:7      | Found an iron altar of Okawaru.
  6531 | D:7      | Reached skill level 4 in Shields
  6611 | D:7      | Identified the +9 falchion of an ossuary {drain, Str+6}
  6632 | D:7      | Reached skill level 5 in Shields
  6774 | D:7      | Paralysed by a hornet for 3 turns
  6776 | D:7      | HP: 3/70 [hornet (8)]
  6782 | D:7      | Reached XP level 10. HP: 12/77 MP: 0/9
  7000 | D:7      | Noticed a two-headed ogre
  7007 | D:7      | Killed a two-headed ogre
  7008 | D:7      | Reached skill level 10 in Armour
  7008 | D:7      | Reached skill level 6 in Shields
  7013 | D:7      | Reached skill level 7 in Shields
  7068 | D:7      | Found a broken altar of Ashenzari.
  7436 | D:7      | Found a runed translucent door.
  7441 | D:7      | Noticed an orange crystal statue
  7442 | D:7      | Found the +10 tower shield of Ignorance {rN+ Int-4}
  7466 | D:7      | Found a runed translucent door.
  7484 | D:7      | Reached skill level 13 in Shields
  7484 | D:7      | Reached XP level 11. HP: 82/82 MP: 10/10
  7894 | D:8      | Reached skill level 1 in Evocations
  8103 | D:8      | Gained mutation: You are frail. (-10% HP) [Ru sacrifice]
  8103 | D:8      | Reached **** piety under Ru
  8120 | D:8      | Found a stormy altar of Qazlal.
  8199 | D:8      | Noticed Maggie
  8210 | D:8      | Killed Maggie
  8211 | D:8      | Reached skill level 14 in Shields
  8253 | D:8      | Got the Codex of Outbursts
  8304 | D:8      | Found a shimmering altar of Xom.
  8304 | D:8      | Found a burning altar of Makhleb.
  8377 | D:8      | Noticed Maurice
  8388 | D:8      | Killed Maurice
  8590 | D:8      | Noticed Grum
  8600 | D:8      | Killed Grum
  8814 | D:8      | Found a shadowy altar of Dithmenos.
  9024 | D:1      | Bought a potion of heal wounds for 50 gold pieces
  9024 | D:1      | Bought a potion of flight for 30 gold pieces
  9024 | D:1      | Bought a potion of cancellation for 80 gold pieces
  9290 | D:9      | Found a bloodstained altar of Trog.
  9384 | D:9      | Found a sparkling altar of Nemelex Xobeh.
  9727 | D:9      | Found Hygyczac's One-of-a-Kind Rings.
  9856 | D:9      | Noticed Amaemon
  9863 | D:9      | Killed Amaemon
  9967 | D:9      | Noticed Pikel
 10007 | D:9      | Killed Pikel
 10008 | D:9      | Reached skill level 15 in Shields
 10277 | D:10     | Entered Level 10 of the Dungeon
 10465 | D:10     | Noticed a two-headed ogre
 10470 | D:10     | Killed a two-headed ogre
 10649 | D:10     | Noticed a two-headed ogre
 10657 | D:10     | Killed a two-headed ogre
 10658 | D:10     | Reached XP level 12. HP: 77/81 MP: 11/11
 10911 | D:10     | Found a staircase to the Orcish Mines.
 10925 | D:10     | Reached skill level 16 in Shields
 11060 | D:10     | Paralysed by a hornet for 1 turns
 11387 | D:10     | Found a snail-covered altar of Cheibriados.
 11592 | D:11     | Reached skill level 5 in Evocations
 11804 | D:11     | Found a staircase to the Lair.
 11911 | D:11     | Noticed a four-headed hydra
 11922 | D:11     | Killed a four-headed hydra
 12036 | D:11     | Reached skill level 5 in Fighting
 12206 | D:11     | Noticed a boulder beetle
 12234 | D:11     | Killed a boulder beetle
 12326 | D:11     | Found the amulet of Elemental Vulnerability {rPois rF--
                  | rC-- AC+8}
 12915 | D:1      | Found Umiogreupp's Distillery.
 13756 | D:2      | Found a sacrificial altar of Ru.
 14441 | D:3      | Found an opulent altar of Gozag.
 14444 | D:3      | Found a glowing golden altar of the Shining One.
 14722 | D:3      | Found a radiant altar of Vehumet.
 15165 | D:4      | Found a runed translucent gate.
 15165 | D:4      | Found a runed translucent gate.
 15559 | D:4      | Found a runed translucent gate.
 15720 | D:4      | Killed mwobee's ghost
 15876 | D:5      | Found an ancient bone altar of Kikubaaqudgha.
 16160 | D:6      | Found a sacrificial altar of Ru.
 16297 | D:6      | Found a staircase to the Ecumenical Temple.
 16610 | D:7      | Found a broken altar of Ashenzari.
 16805 | D:7      | Found an iron altar of Okawaru.
 17102 | D:7      | Found a runed translucent door.
 17185 | D:8      | Found a shadowy altar of Dithmenos.
 17306 | D:8      | Found a stormy altar of Qazlal.
 17323 | D:8      | Found a shimmering altar of Xom.
 17324 | D:8      | Found a burning altar of Makhleb.
 17859 | D:9      | Found a bloodstained altar of Trog.
 17933 | D:9      | Found Hygyczac's One-of-a-Kind Rings.
 17962 | D:9      | Found a sparkling altar of Nemelex Xobeh.
 18498 | D:10     | Found a staircase to the Orcish Mines.
 18806 | D:10     | Found a snail-covered altar of Cheibriados.
 18889 | D:11     | Found a staircase to the Lair.
 19349 | D:12     | Noticed a boulder beetle
 19752 | D:12     | Identified the +4 whip of Ufo Irue {freeze, rPois rC+}
 19808 | D:12     | Noticed Erolcha
 19897 | D:12     | Killed Erolcha
 20185 | D:12     | Killed a boulder beetle
 20336 | D:13     | Identified a scroll of acquirement
 20391 | D:13     | Noticed a vault guard
 20391 | D:13     | Noticed a vault guard
 20392 | D:13     | Found a gate to the Vaults.
 20392 | D:13     | Noticed a vault guard
 20392 | D:13     | Noticed a vault guard
 20404 | D:12     | Killed a vault guard
 20445 | D:13     | Noticed a centaur warrior
 20457 | D:13     | Killed a centaur warrior
 20458 | D:13     | Reached XP level 13. HP: 40/99 MP: 11/12
 20648 | D:13     | Found a gate leading to a gauntlet.
 20657 | Gauntlet | Entered a Gauntlet
 20657 | Gauntlet | Found a transporter.
 20657 | Gauntlet | Found a transporter.
 20667 | Gauntlet | Found a transporter.
 20667 | Gauntlet | Found a transporter.
 20670 | Gauntlet | Found a transporter.
 20681 | Gauntlet | Found a transporter.
 20707 | Gauntlet | Found a transporter.
 20723 | Gauntlet | Found a transporter.
 20741 | Gauntlet | Found a transporter.
 20746 | Gauntlet | Found a transporter.
 20768 | Gauntlet | Found a transporter.
 20819 | Gauntlet | Found a transporter.
 21230 | Gauntlet | Identified the amulet of the Pariah {Reflect rC+ SH+5}
 21253 | Gauntlet | Reached skill level 10 in Fighting
 21372 | Gauntlet | Noticed a minotaur
 21385 | Gauntlet | Killed a minotaur
 21626 | Gauntlet | Reached skill level 18 in Shields
 21626 | Gauntlet | Reached XP level 14. HP: 109/109 MP: 13/13
 21627 | Gauntlet | Reached skill level 19 in Shields
 21627 | Gauntlet | Reached XP level 15. HP: 115/115 MP: 14/14
 21969 | D:13     | Gained mutation: You cannot study or cast Earth magic. [Ru
                  | sacrifice]
 21969 | D:13     | Gained mutation: You cannot study or cast Transmutations
                  | magic. [Ru sacrifice]
 21969 | D:13     | Gained mutation: You cannot study or cast Necromancy magic.
                  | [Ru sacrifice]
 21969 | D:13     | Reached ***** piety under Ru
 22232 | D:13     | Found Ysoaro Ywiki's Assorted Antiques.
 22240 | D:13     | Bought an ancient lead ring for 165 gold pieces
 22240 | D:13     | Identified the ring of the Castellan {Drain MP+9 Dex+5
                  | SInv} (You bought it in a shop on level 13 of the Dungeon)
 23261 | D:15     | Entered Level 15 of the Dungeon
 23424 | D:15     | Reached skill level 15 in Maces & Flails
 24098 | D:15     | Found a staircase to the Depths.
 24244 | D:14     | Acquired a +2 heavy eveningstar
 24341 | Lair:1   | Entered Level 1 of the Lair of Beasts
 24361 | Lair:1   | Gained mutation: You are somewhat unskilled. (-1 Apt) [Ru
                  | sacrifice]
 24361 | Lair:1   | Reduced skill Shields to level 18
 24361 | Lair:1   | Reached ****** piety under Ru
 24678 | Lair:1   | Found the +7 lajatang of Order {silver, rMut}
 24701 | Lair:1   | Noticed Fannar
 24709 | Lair:1   | Killed Fannar
 24715 | Lair:1   | Reached skill level 15 in Maces & Flails
 25398 | Lair:2   | Noticed Harold
 25406 | Lair:2   | Killed Harold
 25463 | Lair:2   | Noticed Gastronok
 25473 | Lair:2   | Killed Gastronok
 25732 | Lair:2   | Found a staircase to the Swamp.
 26269 | Lair:2   | Found a staircase to the Snake Pit.
 26633 | Lair:3   | Reached XP level 16. HP: 125/125 MP: 15/15
 26696 | Lair:3   | Reached skill level 10 in Armour
 27718 | Lair:4   | Found a staircase to the Slime Pits.
 29125 | Lair:5   | Entered Level 5 of the Lair of Beasts
 29161 | Lair:5   | Found a frozen archway.
 29192 | IceCv    | Entered an ice cave
 29381 | IceCv    | Found an ancient bone altar of Kikubaaqudgha.
 29615 | IceCv    | Reached skill level 19 in Shields
 29627 | IceCv    | Got the Spellbook of Hail
 30968 | Lair:5   | Found the +10 Black Knight's barding {ponderous, rPois rN+}
 31723 | Lair:5   | Found a runed translucent door.
 32388 | Orc:1    | Entered Level 1 of the Orcish Mines
 32625 | Orc:1    | Found a transporter.
 32633 | Orc:1    | Found a bloodstained altar of Trog.
 32640 | Orc:1    | Noticed Farjai's ghost (novice DsGl)
 32756 | Orc:1    | Found a transporter.
 32883 | Orc:2    | Entered Level 2 of the Orcish Mines
 32895 | Orc:2    | Reached XP level 17. HP: 131/131 MP: 16/16
 33297 | Orc:2    | Found Gutiuq's Book Shop.
 33332 | Orc:2    | Found a staircase to the Elven Halls.
 33369 | Orc:2    | Reached skill level 15 in Armour
 33590 | Orc:2    | Found Vofacuud's Magic Scroll Emporium.
 33925 | Orc:2    | Found Vofacuud's Magic Scroll Emporium.
 34055 | Orc:2    | Found Gutiuq's Book Shop.
 34201 | Orc:2    | Found a staircase to the Elven Halls.
 34339 | Orc:2    | Found Zegutiuh's Antique Weapon Emporium.
 34609 | Orc:2    | Found Ekeuv's Antique Armour Shoppe.
 34623 | Orc:2    | Bought a pair of embroidered boots for 270 gold pieces
 34777 | Orc:1    | Killed Farjai's ghost
 34791 | Orc:1    | Reached skill level 20 in Shields
 35114 | D:7      | Lost intelligence.
 35418 | Snake:1  | Entered Level 1 of the Snake Pit
 36985 | Snake:2  | HP: 1/131 [salamander/+0 trident (15)]
 36985 | Snake:2  | Mangled by a nagaraja

Illustrated notes

Levels and vault maps discovered:
D:1:      lightli_arrival_windingriver, layout_basic, serial_shops, shop,
          grunt_decor_clamped
D:2:      layout_rooms, basic_altar
D:3:      layout_basic, vehumet_statue, gammafunk_temple_overflow_statue
D:4:      layout_layer_cave, gammafunk_ghost_split, grunt_ministairs_4,
          chequers_serial_rivers_room_b, uniq_grinder, uniq_natasha
D:5:      layout_cave_pools, nzn_hepliaklqana_mist_gate, tgw_kikubaaqudgha,
          reono_crystal_passage, uniq_prince_ribbit1
D:6:      layout_rooms, mainiacjoe_overflow_brackets,
          minmay_temple_entry_stoned_glass, kennysheep_generic_room_10
D:7:      layout_gridville, okawaru_humans, ashenzari_altar_1, enter_bailey_5,
          chequers_guarded_unrand_ignorance
D:8:      layout_basic, grunt_temple_overflow_champion_of_chaos,
          mainiacjoe_overflow_alcove_1, mainiacjoe_overflow_24_doors, uniq_grum,
          uniq_maurice, uniq_maggie
D:9:      layout_basic, mainiacjoe_overflow_boulevard, bloody_trog,
          serial_curves, eino_curves_04, eino_curves_04,
          nicolae_shop_unique_rings, uniq_pikel, uniq_amaemon
D:10:     minmay_bubble_buster, layout_rooms, kennysheep_slug_shrine, erik_orc_1
D:11:     layout_rooms, hellmonk_lair_entry_icy
D:12:     layout_rooms, minmay_liquid_box, uniq_erolcha
D:13:     layout_cave_pools, lightli_vaults_fourway_checkpoint, serial_shops,
          shop_statue, gauntlet_entry_generic, st_stairs_9
D:14:     layout_loops_cross
D:15:     grunt_enter_depths_magical_seal, layout_loops_ring,
          hangedman_abyss_or_decor_stabs, serial_bayou_crossing
Lair:1:   layout_cave_shapes, uniq_fannar
Lair:2:   lemuel_reptile_caves, layout_long_grid, skrybe_swamp_entry_bodies,
          minmay_snake_entry_guardpost_large, amcnicky_mini_pool_medium,
          uniq_harold, uniq_gastronok
Lair:3:   layout_concentric_octagons, serial_bayou, serial_bayou_shore_b,
          serial_bayou_pond_c, serial_bayou_ford_a, minmay_shattered_shrine,
          lemuel_fruit_tree
Lair:4:   layout_layer_cave, slime_entry_1, serial_bayou_lake_a,
          grunt_megastairs_5
Lair:5:   wormcave, layout_cave_pods, hangedman_lair_in_review,
          portal_ice_cave_entry_pillars_1, basic_altar
Snake:1:  minmay_snake_river, layout_basic
Snake:2:  layout_basic, st_stairs_7, nicolae_snake_slithery_hallway
Orc:1:    layout_caves, gammafunk_ghost_wrathful_warriors, basic_altar
Orc:2:    grunt_orc_community_town_hall, layout_diamond_mine,
          grunt_orc_community_big_house_2, grunt_orc_community_big_house_2,
          grunt_orc_community_house_1, grunt_orc_community_house_1,
          grunt_orc_community_house_2, grunt_orc_community_house_3

Skill      XL: |  1  2  3  4  5  6  7  8  9 10 11 12 13 14 15 16 17 |
---------------+----------------------------------------------------+-----
Maces & Flails | 3 4 5 6 8 10 12 14 16 | 16.0
Armour         | 4 6 7 9 10 9 14 17 | 17.2
Shields        | 5 13 15 16 18 19 18 19 20 | 20.5
Evocations     | 4 7 |  7.1
Fighting       | 9 10 11 | 11.9

Action                     |  1- 3 |  4- 6 |  7- 9 | 10-12 | 13-15 | 16-18 || total
---------------------------+-------+-------+-------+-------+-------+-------++-------
  Melee: Flail             |    76 |   176 |   292 |   443 |    43 |       ||  1030
         Headbutt          |    18 |    20 |    45 |   141 |   123 |   193 ||   540
         Demon whip        |       |       |       |   210 |   264 |       ||   474
         Mace              |       |       |       |     9 |       |       ||     9
         Whip              |       |       |       |    35 |       |       ||    35
         Eveningstar       |       |       |       |       |   203 |   908 ||  1111
 Invoke: Sacrifice Nimblen |       |     1 |       |       |       |       ||     1
         Sacrifice Love    |       |       |     1 |       |       |       ||     1
         Power Leap        |       |       |       |    11 |     1 |     3 ||    15
         Sacrifice Health  |       |       |       |     1 |       |       ||     1
         Draw Out Power    |       |       |       |     1 |       |     2 ||     3
         Reject Sacrifices |       |       |       |     1 |       |       ||     1
         Sacrifice Arcana  |       |       |       |       |     1 |       ||     1
         Sacrifice Skill   |       |       |       |       |     1 |       ||     1
  Evoke: Wand              |       |       |    19 |     7 |       |     1 ||    27
         Lightning rod     |       |       |       |       |       |     4 ||     4
    Use: Potion            |       |     1 |     7 |    10 |     4 |     1 ||    23
         Scroll            |       |     2 |     8 |    14 |     5 |     7 ||    36
   Stab: Invisible         |       |       |       |     3 |     1 |     3 ||     7
         Distracted        |       |       |       |     1 |     4 |     7 ||    12
         Petrified         |       |       |       |       |     3 |     4 ||     7
         Paralysed         |       |       |       |       |       |     1 ||     1
 Armour: Plate armour      |    37 |   119 |   174 |   396 |    60 |   368 ||  1154
         Scale mail        |     2 |       |       |       |       |       ||     2
         Skin              |       |       |     9 |       |       |       ||     9
  Dodge: Dodged            |    17 |    65 |    79 |   170 |    27 |   165 ||   523
  Block: Buckler           |    17 |    30 |    53 |   153 |       |    41 ||   294
         Kite shield       |       |       |       |   125 |    12 |    11 ||   148
         Reflection        |       |       |       |       |    41 |    25 ||    66
         Tower shield      |       |       |       |       |   397 |  1183 ||  1580
